Map: Pride of Altaris LE

Players

Warthog - Winner!

  • Race: Terran Terran
  • League: Master
  • Spawn Location: 5:00

Rel

  • Race: Terran Terran
  • League: Master
  • Spawn Location: 11:00

VOD

Have the link to the VOD?

Description

Time

  • Played on: Jan. 11, 2022, 10:57 p.m.
  • Length: 6:44
Show
View Real Time Build Order
Export as new Build Order

Warthog Terran - Winner!

Build Orders: Cyclone Opening 

Get SALT Encoding   

  12  0:00  SCV  
  13  0:13  SCV  
  14  0:17  Supply Depot  
  14  0:25  SCV  
  15  0:39  SCV  
  15  0:40  Barracks  
  16  0:43  Refinery  
  16  0:51  SCV  
  16  0:53  Refinery  
  17  1:03  SCV  
  18  1:15  SCV  
  19  1:28  Orbital Command  
  19  1:29  Reaper  
  20  1:44  Factory  
  20  1:51  Supply Depot  
  20  1:54  SCV  
  20  2:01  Reaper  
  22  2:07  SCV  
  23  2:20  SCV  
  24  2:23  Command Center  
  24  2:27  Factory Tech Lab  
  24  2:32  SCV  
  24  2:33  Barracks Reactor  
  25  2:44  SCV  
  25  2:48  Barracks  
  26  2:56  SCV  
  26  2:57  Cyclone  
  30  3:02  Supply Depot  
  30  3:08  SCV  
  31  3:24  SCV  
  31  3:30  Cyclone, Marine x2  
  35  3:35  Orbital Command  
  35  3:36  SCV  
  36  3:42  Starport  
  36  3:43  Barracks Tech Lab  
  36  3:48  SCV, Marine x2  
  39  4:00  SCV  
  40  4:04  SCV  
  40  4:06  Marine x2  
  40  4:08  Supply Depot  
  43  4:10  Marine  
  43  4:12  SCV  
  43  4:13  Stimpack  
  43  4:16  SCV  
  46  4:23  Supply Depot, Marine  
  46  4:24  Marine  
  47  4:25  SCV, Starport Reactor  
  47  4:28  SCV  
  50  4:35  Marine  
  51  4:41  Marine x2  
  51  4:44  SCV x2  
  55  4:53  Command Center, Marine  
  55  4:57  SCV x2  
  55  4:59  Barracks, Marine  
  59  5:02  Medivac x2  
  59  5:03  Marine  
  64  5:14  SCV  
  64  5:15  SCV  
  64  5:17  Refinery, Marine x2  
  64  5:18  Supply Depot, Refinery  
  68  5:29  SCV x2  
  70  5:39  Siege Tank  
  70  5:40  Marine, Starport Reactor  
  70  5:41  SCV, Marine  
  76  5:44  SCV  
  76  5:48  Engineering Bay  
  76  5:49  Engineering Bay  
  77  5:53  SCV  
  77  5:55  Barracks  
  77  5:56  Barracks  
  78  6:04  Marine x3  
  78  6:05  SCV x2  
  83  6:15  Marine x2  
Show
View Real Time Build Order
Export as new Build Order

Rel Terran 

Build Orders: Command Center First (CC) 

Get SALT Encoding   

  12  0:00  SCV  
  13  0:12  SCV  
  14  0:17  Supply Depot  
  14  0:24  SCV  
  15  0:38  SCV  
  16  0:50  SCV  
  17  1:02  Command Center  
  17  1:03  SCV  
  18  1:12  Barracks  
  18  1:16  SCV  
  19  1:22  Refinery  
  19  1:28  SCV  
  20  1:40  SCV  
  21  1:52  SCV  
  22  2:05  Barracks Tech Lab  
  22  2:06  Orbital Command  
  22  2:14  Orbital Command  
  22  2:23  Marauder  
  24  2:30  Command Center  
  24  2:32  SCV  
  24  2:35  Concussive Shells  
  25  2:41  SCV  
  25  2:44  SCV  
  25  2:57  SCV x2  
  27  3:00  Marauder  
  27  3:03  Refinery  
  29  3:09  SCV x2  
  29  3:21  SCV, Marauder  
  30  3:28  SCV  
  30  3:33  SCV  
  32  3:39  Factory  
  32  3:41  Engineering Bay, SCV  
  33  3:45  SCV  
  33  3:47  Orbital Command  
  34  3:53  SCV  
  34  3:54  Marine  
  36  3:56  Combat Shield  
  36  3:57  SCV  
  37  4:05  SCV  
  37  4:08  Missile Turret  
  38  4:10  Missile Turret  
  38  4:11  SCV  
  39  4:17  SCV  
  39  4:18  Marine  
  39  4:21  SCV  
  39  4:23  SCV  
  43  4:31  Command Center  
  43  4:34  Factory Tech Lab  
  43  4:36  Marine  
  43  4:38  SCV x3  
  46  4:43  Starport  
  47  4:45  Terran Infantry Weapons Level 1  
  47  4:50  SCV x2  
  50  4:52  SCV  
  50  4:53  Marine  
  50  4:54  Refinery  
  50  4:56  Refinery  
  51  5:02  SCV x2  
  53  5:08  Supply Depot  
  53  5:10  Supply Depot  
  53  5:25  Starport Reactor  
  53  5:29  SCV x3, Siege Tank, Marine  
  53  5:31  Barracks  
  53  5:32  Barracks x2  
  53  5:34  Barracks  
  60  5:37  Engineering Bay  
  60  5:41  SCV, Armory  
  61  5:43  SCV  
  61  5:46  SCV  
  61  5:49  Orbital Command  
  63  5:51  Marine  
  63  5:53  SCV  
  65  5:58  SCV x2  
  67  6:06  SCV  
  67  6:10  SCV  
  58  6:21  Barracks Reactor x2  
Tags
 
Add a new tag
Caveats
  • Supply blocks, unpowered buildings, or Contaminate may cause inaccurate times.
  • Supply counts are checked every 10 seconds.